 Dungeon Crawl Stone Soup version 0.28.0-43-g3370ac3207 (webtiles) character file.

Game seed: 3298470984137499774

134 Pinkishskies the Chopper (level 5, 0/50 HPs)
             Began as a Naga Berserker on Mar 8, 2022.
             Was a Believer of Trog.
             Splashed by a jelly's acid (5 damage)
             ... on level 4 of the Dungeon.
             The game lasted 00:07:15 (3394 turns).

Pinkishskies the Chopper (Naga Berserker)           Turns: 3394, Time: 00:07:16

Health: 0/50       AC:  0    Str: 22    XL:     5   Next: 17%
Magic:  5/5        EV:  8    Int:  7    God:    Trog [**....]
Gold:   37         SH:  0    Dex: 10    Spells: 4/4 levels left

rFire   . . .      SeeInvis +   a - +0 hand axe
rCold   . . .      Faith    .   (no shield)
rNeg    . . .      Spirit   .   l - +0 scale mail
rPois   +          Reflect  .   (no helmet)
rElec   .          Harm     .   (no cloak)
rCorr   .          Rampage  .   v - +1 Delatra's gloves {ID++}
Will    ++...                   (no barding)
Stlth   ..........              (no amulet)
HPRegen 1.16/turn               (no ring)
MPRegen 0.09/turn               (no ring)

@: strong-willed, corroded, regenerating, very slow
A: AC +1, large, see invisible, deformed body, poison resistance, slowness 2,
spit poison 1, naga tail 1
a: Spit Poison, Renounce Religion, Berserk, Trog's Hand


You were on level 4 of the Dungeon.
You worshipped Trog.
Trog was pleased with you.
You visited 1 branch of the dungeon, and saw 4 of its levels.

You collected 59 gold pieces.
You spent 22 gold pieces at shops.

Inventory:

Hand Weapons
 a - a +0 hand axe (weapon)
Armour
 b - a +0 animal skin
 f - a +0 leather armour
 l - a +0 scale mail (worn)
 n - a +0 pair of gloves
 s - a +0 cloak
 v - the +1 Delatra's gloves (worn) {ID++}
   (You found it on level 3 of the Dungeon)

   It heals its wearer when they drink unknown potions.
   It restores its wearer's MP when they read unknown scrolls.
Jewellery
 k - a ring of wizardry
 w - a ring of protection from cold
Scrolls
 d - 2 scrolls of teleportation {unknown}
 e - 3 scrolls of identify
 g - 2 scrolls of magic mapping {unknown}
 h - a scroll of fear {unknown}
 j - a scroll of enchant armour {unknown}
 m - a scroll of enchant weapon {unknown}
 o - a scroll of holy word {unknown}
 q - a scroll of blinking {unknown}
 r - a scroll of immolation {unknown}
Potions
 c - a potion of ambrosia {unknown}
 i - a potion of heal wounds {unknown}
 p - a potion of attraction {unknown}
 t - a potion of cancellation {unknown}
 u - a potion of degeneration {unknown}


   Skills:
 + Level 3.9 Fighting
 + Level 4.0 Axes
 + Level 2.6 Armour
 + Level 2.0 Dodging
 + Level 0.7 Stealth


You had 4 spell levels left.
You didn't know any spells.
Your spell library was empty.

Dungeon Overview and Level Annotations

Branches:
Dungeon (4/15)
 Temple: D:4-7

Altars:

Shops:
D:1 ?[=


Innate Abilities, Weirdness & Mutations

Your serpentine skin is tough. (AC +1)
You have supernaturally acute eyesight. (SInv)
Armour fits poorly on your strangely shaped body.
Your system is resistant to poisons. (rPois)
You cover ground very slowly.
You can spit poison.
You have a snake-like lower body.


Message History

No target in view!
There is an escape hatch in the floor here.
You slide downwards.
The hatch slams shut behind you.
You open the door.
There is an open door here.
Found a stone staircase leading up.
A jelly comes into view.
Found a robe.
The jelly quivers.
Found a short sword.
Found a sedimented white potion.
You hit the jelly. The acid corrodes you!
Your hands burn!
The jelly is moderately wounded.
The jelly completely misses you.
You hit the jelly but do no damage. The acid corrodes you!
Your hands burn!
The jelly is moderately wounded.
The jelly barely misses you.
You slash the jelly!
Your hands burn!
The jelly is severely wounded.
The jelly hits you. The acid corrodes you!
You are splashed with acid.
You hit the jelly but do no damage.
Your hands burn!
The jelly is severely wounded.
The jelly hits you.
You are splashed with acid!
You barely miss the jelly.
The jelly is severely wounded.
The jelly hits you.
You are splashed with acid!
You are too injured to fight recklessly!
You are too injured to fight recklessly!
You are too injured to fight recklessly!
You are too injured to fight recklessly!
You hit the jelly.
Your hands burn!
You punch the jelly.
The jelly is almost dead.
The jelly hits you.
You are splashed with acid!
* * * LOW HITPOINT WARNING * * *
Your skin crawls.
You feel strong-willed. The jelly hits you.
* * * LOW HITPOINT WARNING * * *
You are splashed with acid.
You die...

. !. ... .... #
.....
...#.######......
.........@J.[....
.)####.###......
#.# ..... #.#
#### #.########
#.........
#......<..
##......##
#.###..##


You could see a jelly.

Vanquished Creatures
  The ghost of mortz the Conjurer, a weakling DrCj (D:3)
  2 adders (D:3)
  3 worms (D:3)
  2 dart slugs (D:2)
  6 ball pythons
  5 bats
  6 endoplasms
  7 goblins
  10 hobgoblins
  6 kobolds
  3 quokkas
  3 frilled lizards
  5 rats
59 creatures vanquished.

Notes
Turn   | Place    | Note
-------+----------+-------------------------------------------
     0 | D:1      | Pinkishskies the Naga Berserker began the quest for the
                  | Orb.
     0 | D:1      | Reached XP level 1. HP: 21/21 MP: 1/1
    24 | D:1      | Found Ecwuaz's Jewellery Shop.
   270 | D:1      | Reached XP level 2. HP: 23/28 MP: 2/2
   487 | D:1      | You fall into a shaft and drop 1 floor!
   903 | D:2      | Reached XP level 3. HP: 34/34 MP: 3/3
  2054 | D:1      | Reached ** piety under Trog
  2116 | D:1      | Found Mucuusk's Armour Boutique.
  2141 | D:1      | Found Inith's Magic Scroll Shop.
  2146 | D:1      | Bought a scroll of identify for 22 gold pieces
  2441 | D:1      | Reached XP level 4. HP: 42/44 MP: 4/4
  2449 | D:1      | Found Elaaq's Assorted Antiques.
  2852 | D:3      | Found a runed translucent door.
  2853 | D:3      | Noticed mortz's ghost (weakling DrCj)
  2881 | D:3      | Killed mortz's ghost
  2882 | D:3      | Reached XP level 5. HP: 50/50 MP: 5/5
  3094 | D:3      | Found the +1 Delatra's gloves {ID++}
  3314 | D:3      | Reached skill level 4 in Axes
  3394 | D:4      | Splashed by a jelly's acid

Illustrated notes

Levels and vault maps discovered:
D:1:      amcnicky_arrival_blooded_trapdoor, layout_loops_ring, serial_shops,
          nicolae_shop_overgrown_old_shop, shop, shop, nicolae_square_shop
D:2:      layout_rooms, skrybe_limestone_x
D:3:      layout_rooms, cheibrodos_sewer_entry_bend,
          ebering_ghost_reflecting_pool
D:4:      layout_basic, minmay_temple_entry_wispy

Skill      XL: |  1  2  3  4  5 |
---------------+----------------+-----
Dodging        | 2 |  2.0
Armour         | 2 |  2.6
Axes           | 4 |  4.0
Fighting       | |  3.9
Stealth        | |  0.7

Action                   |  1- 3 |  4- 6 || total
-------------------------+-------+-------++-------
Melee: Hand axe          |   128 |    61 ||   189
       Punch             |     2 |     1 ||     3
Invok: Berserk           |       |     1 ||     1
       Trog's Hand       |       |     1 ||     1
 Abil: Spit Poison       |     2 |     1 ||     3
Armor: Animal skin       |     6 |       ||     6
       Leather armour    |    11 |       ||    11
       Scale mail        |    19 |    13 ||    32
Dodge: Dodged            |    56 |    24 ||    80
